 Dungeon Crawl Stone Soup version 0.17.1-1-g73c8601 (webtiles) character file.

86 Grim the Sneak (level 4, -1/29 HPs)
             Began as an Octopode Assassin on Jan 9, 2016.
             Slain by Grinder (8 damage)
             ... while paralysed by Grinder
             ... on level 3 of the Dungeon.
             The game lasted 00:05:19 (2456 turns).

Grim the Sneak (Octopode Assassin)                  Turns: 2456, Time: 00:05:19

Health: -1/29      AC:  1    Str: 13    XL:     4   Next: 50%
Magic:  4/4        EV:  4    Int: 13    God:
Gold:   153        SH:  0    Dex: 14    Spells: 0 memorised, 3 levels left

rFire  . . .     SeeInvis .     b - +0 blowgun
rCold  . . .     Clarity  .     (no shield)
rNeg   . . .     SustAt   .     (helmet restricted)
rPois  .         Gourm    .     n - amulet of resist corrosion
rElec  .         Spirit   .     y - +3 ring of strength
rCorr  +         Warding  .     (no ring)
rMut   .         Stasis   .     (no ring)
MR     .....                    (no ring)
Stlth  ++++......               (no ring)
                                (no ring)
                                (no ring)
                                (no ring)

@: paralysed, not resistant to hostile enchantments, stealthy
A: almost no armour, amphibious, 8 rings, constrict 8, repulsion field 1,
camouflage 1, screaming 1, gelatinous body 1, subdued magic 1
a: no special abilities


You were on level 3 of the Dungeon.
You were not hungry.

You visited 1 branch of the dungeon, and saw 3 of its levels.

You collected 153 gold pieces.

Inventory:

Hand Weapons
 a - a +2 dagger
 b - a +0 blowgun (weapon)
Missiles
 c - 11 poisoned needles (quivered)
Armour
 g - a +0 cloak
Jewellery
 n - an amulet of resist corrosion (around mantle)
 q - an uncursed amulet of warding
 y - a +3 ring of strength (left tentacle)
Scrolls
 k - a scroll of teleportation {unknown}
 m - a scroll of remove curse {unknown}
 o - a scroll of fear {unknown}
 r - 2 scrolls of enchant armour {unknown}
 x - a scroll of fog {unknown}
Potions
 h - a potion of haste
 i - a potion of heal wounds
 j - a potion of magic
 p - 2 potions of curing
 w - a potion of degeneration {unknown}
 z - a potion of might {unknown}
Books
 s - a book of the Dragon

   Spells                             Type                      Level
   a - Flame Tongue                   Conjuration/Fire             1
   b - Cause Fear                     Hexes                        4
   c - Bolt of Fire                   Conjuration/Fire             6
   d - Dragon Form                    Transmutation                7
   e - Dragon's Call                  Summoning                    9
Comestibles
 e - 4 bread rations
 f - 2 beef jerkies
 t - a chunk of flesh
 u - 3 fruits
 v - a slice of pizza


   Skills:
 - Level 2.0 Fighting
 + Level 3.5 Short Blades
 + Level 3.5 Throwing
 - Level 1.0 Dodging
 - Level 5.3 Stealth


You had 3 spell levels left.
You didn't know any spells.

Dungeon Overview and Level Annotations

Branches:
Dungeon (3/15)

Altars:
Kikubaaqudgha
Makhleb

Annotations:
D:3 Grinder, Natasha


Innate Abilities, Weirdness & Mutations

You cannot wear most types of armour.
You are amphibious.
You can wear up to eight rings at the same time.
You can use your tentacles to constrict eight enemies at once.
Your skin changes colour to match your surroundings (Stealth).
Your rubbery body absorbs attacks (AC +1).
You are surrounded by a mild repulsion field (EV +2).
You occasionally shout uncontrollably at your foes.
Your spells are a little easier to cast, but a little less powerful.


Message History

You shoot a poisoned needle.
The poisoned needle completely misses Grinder.
Grinder misses you.
Firing (i - inventory):
c - 13 poisoned needles (quivered)
Press: ? - help, Shift-Dir - straight line, f/p - Grinder
Aim: Grinder (lightly wounded)
You shoot a poisoned needle.
The poisoned needle barely misses Grinder.
Firing (i - inventory):
c - 12 poisoned needles (quivered)
Press: ? - help, Shift-Dir - straight line, f/p - Grinder
Aim: Grinder (lightly wounded)
You shoot a poisoned needle.
The poisoned needle barely misses Grinder.
Grinder gestures at you.
You suddenly lose the ability to move!
Grinder hits you!
* * * LOW HITPOINT WARNING * * *
Grinder hits you but does no damage. Grinder hits you!
You die...

.....................##.#.....#.#
.....................##.#........
...5....##.......)...#...........
..<.h...##.......................
........#.....###................
....#+#.# #....................
....# +....#####..?.....#.# .....
..##....## #$.......#.# ......
.......@.# ##.......#.# ......
..##...5......####..†... ......+
........(.....# #......
######.(......# #......
###......# #...... .......
..###.# .....## ### ># ####.# .#


You could see Grinder.

Vanquished Creatures
  3 adders
  A worm (D:2)
  2 giant geckos
  2 orcs (D:3)
  4 giant cockroaches
  12 hobgoblins
  A jackal (D:1)
  A quokka (D:3)
  A ball python (D:2)
  5 bats
  2 giant newts (D:1)
  5 goblins
  4 kobolds
  6 rats
49 creatures vanquished.

Notes
Turn   | Place    | Note
--------------------------------------------------------------
     0 | D:1      | Grim the Octopode Assassin began the quest for the Orb.
     0 | D:1      | Reached XP level 1. HP: 14/14 MP: 1/1
   351 | D:1      | Reached XP level 2. HP: 19/19 MP: 2/2
  1109 | D:2      | Reached XP level 3. HP: 24/24 MP: 3/3
  1716 | D:2      | Reached XP level 4. HP: 29/29 MP: 4/4
  2101 | D:2      | Found a burning altar of Makhleb.
  2117 | D:3      | Noticed Grinder
  2117 | D:3      | Noticed Natasha
  2190 | D:3      | Gained mutation: You are surrounded by a mild repulsion field (EV +2). [potion of mutation]
  2190 | D:3      | Gained mutation: You occasionally shout uncontrollably at your foes. [potion of mutation]
  2190 | D:3      | Gained mutation: Your spells are a little easier to cast, but a little less powerful. [potion of mutation]
  2206 | D:3      | Found an ancient bone altar of Kikubaaqudgha.
  2453 | D:3      | Paralysed by Grinder for 6 turns
  2456 | D:3      | Slain by Grinder

Action                   |  1- 3 |  4- 6 || total
-------------------------+-------+-------++-------
Melee: Dagger            |    61 |    15 ||    76
 Fire: Blowgun           |       |    11 ||    11
Throw: Throwing net      |       |     1 ||     1
  Use: Scroll            |       |     6 ||     6
       Potion            |       |     3 ||     3
 Stab: Sleeping          |    13 |     7 ||    20
  Eat: Chunk             |     2 |     3 ||     5
